Map: Traitor's Exile

Players

Mesrob - Winner!

  • Race: Protoss Protoss
  • League: Platinum
  • Spawn Location: 5:00

Subwaymaker - Winner!

  • Race: Protoss Protoss
  • League: Gold
  • Spawn Location: 6:00

XxantoniogxX

  • Race: Protoss Protoss
  • League: Bronze
  • Spawn Location: 9:00

XxALEJOxX

  • Race: Terran Terran
  • Spawn Location: 12:00

VOD

Have the link to the VOD?

Description

Time

  • Played on: Aug. 2, 2019, 9:35 p.m.
  • Length: 17:08
Show
View Real Time Build Order
Export as new Build Order

Mesrob Protoss - Winner!

Build Orders:  

Get SALT Encoding   

  12  0:01  Probe  
  13  0:13  Probe  
  14  0:20  Pylon  
  14  0:25  Probe  
  15  0:32  Assimilator  
  15  0:38  Probe  
  16  0:45  Gateway  
  16  0:50  Probe  
  17  1:02  Probe  
  18  1:16  Forge  
  18  1:20  Probe  
  19  1:32  Probe  
  20  1:34  Cybernetics Core  
  20  1:44  Probe  
  21  1:59  Pylon  
  21  2:01  Warp Gate  
  21  2:05  Nexus  
  21  2:13  Sentry  
  23  2:25  Assimilator  
  23  2:30  Assimilator  
  23  2:35  Probe  
  23  2:37  Assimilator  
  24  2:42  Sentry  
  24  2:47  Probe, Gateway  
  27  2:59  Probe  
  28  3:11  Probe  
  29  3:20  Pylon, Probe  
  29  3:21  Probe  
  31  3:28  Probe  
  31  3:33  Probe  
  33  3:38  Pylon, Probe  
  34  3:43  Pylon  
  34  3:55  Sentry x2  
  38  4:16  Gateway  
  38  4:17  Gateway  
  38  4:19  Gateway  
  38  4:22  Gateway  
  38  4:24  Gateway  
  38  4:30  Probe  
  38  4:32  Pylon  
  38  4:38  Probe  
  40  4:48  Probe  
  41  4:53  Sentry x2  
  41  4:54  Nexus  
  41  4:59  Probe  
  46  5:07  Probe  
  46  5:08  Probe  
  48  5:15  Probe  
  48  5:21  Probe  
  50  5:22  Sentry x4  
  50  5:26  Probe  
  59  5:33  Probe  
  60  5:50  Sentry x2  
  60  5:55  Pylon  
  64  6:00  Assimilator  
  64  6:04  Assimilator  
  64  6:08  Sentry x2  
  64  7:17  Probe x2  
  64  7:21  Sentry x3  
  64  7:22  Sentry x4  
  78  7:27  Probe  
  78  7:29  Probe  
  82  7:30  Probe  
  82  7:35  Probe  
  83  7:42  Probe x2  
  83  7:43  Probe  
  86  7:50  Pylon  
  87  7:52  Pylon  
  87  7:54  Probe x2  
  89  8:00  Pylon  
  89  8:04  Pylon  
  89  8:13  Pylon  
  89  8:16  Pylon, Nexus  
  89  8:20  Pylon  
  89  8:45  Nexus  
  89  8:47  Assimilator  
  89  8:51  Assimilator  
  89  8:55  Pylon  
  89  8:56  Sentry x2  
  89  8:57  Sentry x4  
  89  8:58  Sentry  
  103  9:05  Robotics Facility  
  103  9:07  Robotics Facility  
  103  9:11  Assimilator  
  103  9:15  Assimilator  
  103  9:22  Photon Cannon, Protoss Ground Weapons Level 1  
  103  9:25  Pylon  
  103  9:28  Forge  
  103  9:30  Pylon  
  103  9:41  Sentry  
  105  9:47  Sentry x2  
  105  9:48  Sentry x3  
  105  9:49  Sentry  
  117  10:08  Pylon  
  117  10:12  Photon Cannon  
  117  10:31  Photon Cannon  
  114  10:40  Photon Cannon  
  114  10:41  Photon Cannon  
  114  10:42  Photon Cannon  
  114  10:44  Photon Cannon  
  114  10:45  Photon Cannon  
  114  10:46  Photon Cannon  
  114  10:47  Photon Cannon  
  114  10:48  Photon Cannon  
  114  10:50  Photon Cannon  
  114  10:51  Photon Cannon  
  114  10:53  Shield Battery, Probe  
  114  10:54  Shield Battery  
  114  10:55  Pylon, Photon Cannon  
  115  10:57  Pylon  
  115  10:58  Photon Cannon  
  115  11:00  Photon Cannon  
  115  11:01  Probe  
  115  11:02  Probe  
  116  11:04  Photon Cannon  
  116  11:07  Probe x3  
  116  11:10  Probe  
  120  11:12  Photon Cannon  
  120  11:14  Probe  
  120  11:15  Photon Cannon  
  122  11:19  Probe x3  
  122  11:22  Probe  
  126  11:26  Sentry, Probe  
  126  11:30  Photon Cannon  
  129  11:33  Photon Cannon  
  129  11:34  Probe  
  129  11:37  Sentry  
  129  11:38  Probe  
  133  11:41  Sentry x4  
  133  11:47  Probe  
  142  11:49  Protoss Ground Armor Level 1  
  142  11:50  Protoss Shields Level 1, Probe  
  143  11:55  Warp Prism  
  143  11:59  Probe  
  143  12:00  Observer  
  145  12:16  Observer  
  145  12:17  Probe  
  147  12:29  Warp Prism, Probe  
  148  12:32  Probe  
  148  12:35  Probe  
  152  12:41  Probe  
  152  12:43  Probe  
  153  12:44  Probe x3  
  157  12:51  Probe  
  157  12:53  Probe  
  157  12:56  Probe x3  
  162  13:02  Probe  
  162  13:05  Probe  
  164  13:14  Probe  
  165  13:47  Sentry x3  
  165  13:48  Sentry x4  
  175  13:55  Warp Prism x2  
  184  14:31  Observer x2  
  185  15:06  Twilight Council  
  185  15:09  Protoss Air Armor Level 1  
  185  15:13  Robotics Bay  
  132  15:58  Sentry  
  132  15:59  Sentry x5  
  132  16:00  Sentry  
  144  16:41  Sentry x6  
  144  16:42  Sentry  
  158  16:57  Gateway  
  158  16:59  Gateway  
  158  17:00  Gateway  
  158  17:03  Gateway  
Show
View Real Time Build Order
Export as new Build Order

Subwaymaker Protoss - Winner!

Build Orders:  

Get SALT Encoding   

  12  0:01  Probe  
  13  0:14  Probe  
  13  0:18  Pylon  
  14  0:26  Probe  
  15  0:38  Probe  
  16  0:44  Gateway  
  16  0:46  Probe  
  16  0:55  Assimilator, Probe  
  18  1:05  Probe  
  18  1:09  Assimilator  
  19  1:17  Pylon, Probe  
  20  1:35  Gateway  
  20  1:36  Cybernetics Core  
  20  1:46  Probe  
  20  1:54  Probe  
  21  1:58  Pylon  
  22  2:03  Warp Gate  
  22  2:09  Gateway  
  22  2:16  Gateway  
  22  2:26  Sentry  
  24  2:34  Sentry  
  26  2:48  Nexus  
  26  2:52  Assimilator  
  26  3:00  Probe  
  27  3:18  Probe  
  27  3:26  Probe  
  28  3:29  Pylon  
  29  3:35  Probe  
  30  3:41  Gateway  
  30  3:44  Pylon  
  30  3:47  Probe  
  27  3:53  Sentry x3  
  27  3:54  Sentry  
  35  3:59  Probe  
  36  4:14  Probe  
  36  4:22  Probe  
  37  4:31  Assimilator, Pylon  
  38  4:32  Probe  
  38  4:34  Gateway  
  39  4:43  Forge  
  39  4:50  Sentry x3  
  45  4:53  Sentry  
  47  5:01  Probe x2  
  49  5:08  Twilight Council  
  49  5:13  Probe x2  
  51  5:16  Protoss Ground Weapons Level 1  
  51  5:25  Probe x2  
  53  5:37  Probe x2  
  53  5:42  Sentry x2  
  59  5:45  Probe  
  60  5:53  Probe  
  60  6:02  Gateway  
  61  6:04  Probe  
  61  6:05  Charge  
  61  6:06  Gateway  
  62  6:11  Sentry x2  
  58  6:44  Sentry x2  
  58  6:45  Sentry  
  56  6:59  Sentry  
  58  7:12  Robotics Facility  
  58  7:14  Sentry  
  60  7:16  Protoss Shields Level 1  
  60  7:40  Pylon  
  58  7:46  Sentry x2  
  62  8:04  Blink  
  62  8:06  Nexus  
  62  8:08  Assimilator  
  62  8:09  Pylon  
  62  8:12  Pylon  
  62  8:13  Pylon  
  62  8:15  Assimilator  
  62  8:24  Photon Cannon  
  62  8:28  Observer  
  62  8:31  Shield Battery  
  63  8:40  Robotics Bay  
  63  8:44  Pylon  
  63  8:46  Gateway  
  63  8:47  Sentry, Gateway  
  63  8:48  Sentry x2  
  69  8:49  Gateway  
  69  8:52  Probe  
  69  8:53  Probe  
  71  9:04  Probe  
  71  9:05  Probe  
  71  9:06  Observer, Protoss Ground Weapons Level 2  
  74  9:11  Sentry x2  
  78  9:27  Warp Prism  
  80  9:36  Forge  
  74  10:08  Sentry  
  74  10:09  Sentry x5  
  74  10:10  Sentry  
  74  10:14  Probe  
  88  10:17  Probe x2  
  91  10:22  Probe  
  92  10:29  Probe x2  
  92  10:32  Photon Cannon  
  94  10:39  Pylon  
  94  10:41  Probe  
  95  11:06  Sentry  
  95  11:07  Sentry x3  
  95  11:08  Sentry  
  95  11:10  Sentry x2  
  95  11:11  Sentry x2  
  111  11:15  Protoss Shields Level 2  
  114  11:18  Probe x3  
  116  11:30  Probe x2  
  116  11:31  Protoss Ground Armor Level 1  
  118  11:47  Observer  
  118  11:54  Sentry x3  
  121  11:57  Gravitic Boosters  
  125  12:15  Probe  
  125  12:16  Probe x2  
  128  12:26  Pylon  
  128  12:28  Pylon, Probe x3  
  131  12:33  Photon Cannon  
  131  12:35  Pylon  
  131  12:39  Photon Cannon  
  131  12:41  Photon Cannon  
  131  12:44  Photon Cannon  
  131  12:47  Sentry x5  
  131  12:48  Sentry  
  131  12:49  Pylon, Sentry  
  145  12:53  Pylon  
  145  12:54  Gravitic Drive  
  145  12:55  Pylon  
  145  13:07  Pylon  
  145  13:10  Gateway  
  145  13:14  Gateway  
  145  13:16  Gateway  
  145  13:17  Gateway  
  145  13:22  Nexus  
  145  13:25  Pylon  
  145  13:26  Sentry x5  
  155  13:27  Sentry  
  155  13:28  Pylon  
  155  13:31  Assimilator  
  155  13:33  Protoss Ground Weapons Level 3  
  157  13:36  Assimilator, Probe x3  
  157  13:40  Pylon  
  160  13:48  Probe  
  161  14:05  Probe x2  
  161  14:06  Probe  
  164  14:11  Sentry x4  
  164  14:12  Sentry  
  174  14:37  Sentry x4  
  172  15:03  Photon Cannon  
  172  15:05  Photon Cannon  
  172  15:08  Shield Battery  
  172  15:09  Shield Battery  
  172  15:11  Photon Cannon  
  172  15:13  Shield Battery  
  172  15:19  Pylon  
  170  15:23  Observer x2  
  170  15:26  Pylon  
  150  16:03  Sentry x5  
  150  16:04  Sentry x5  
  170  16:29  Sentry  
  170  16:30  Sentry x2  
  170  16:31  Sentry x5  
  170  16:32  Sentry x2  
Show
View Real Time Build Order
Export as new Build Order

XxantoniogxX Protoss 

Build Orders:  

Get SALT Encoding   

  12  0:07  Probe  
  13  0:19  Probe  
  14  0:21  Pylon  
  14  0:28  Assimilator  
  14  0:42  Assimilator  
  14  0:47  Probe  
  15  1:00  Probe, Gateway  
  16  1:10  Pylon  
  16  1:12  Probe  
  16  1:17  Pylon  
  17  1:34  Gateway  
  17  1:38  Probe  
  17  1:46  Probe  
  18  1:53  Zealot  
  21  1:55  Probe  
  22  2:54  Cybernetics Core, Probe  
  23  3:02  Probe  
  23  3:12  Probe  
  24  3:13  Forge  
  24  3:15  Pylon  
  24  3:17  Pylon  
  25  4:14  Stargate  
  25  4:17  Stargate  
  25  4:21  Stargate  
  25  4:36  Nexus  
  25  4:39  Assimilator  
  25  4:43  Assimilator  
  25  4:46  Pylon  
  25  4:49  Pylon  
  25  4:50  Warp Gate  
  25  5:16  Probe  
  26  5:23  Void Ray x2  
  34  5:29  Probe  
  34  5:34  Void Ray  
  39  5:41  Probe  
  40  5:53  Probe  
  40  5:55  Probe  
  42  6:05  Probe  
  42  6:07  Probe  
  44  6:19  Probe  
  45  6:31  Probe  
  40  6:43  Probe  
  37  7:04  Sentry  
  37  7:07  Void Ray  
  37  7:08  Void Ray, Probe  
  48  7:16  Probe  
  49  7:26  Probe  
  50  7:40  Probe  
  50  7:49  Probe  
  52  7:58  Probe  
  52  8:04  Void Ray  
  52  8:05  Void Ray x2  
  65  8:09  Sentry  
  67  8:29  Pylon  
  67  8:32  Pylon  
  67  8:39  Pylon  
  67  8:42  Pylon  
  67  8:49  Fleet Beacon  
  67  9:24  Stargate  
  67  9:25  Stargate  
  67  9:27  Stargate  
  67  9:30  Stargate  
  67  9:40  Mothership  
  75  11:56  Void Ray  
  75  11:57  Void Ray x4  
  75  11:58  Void Ray  
  75  11:59  Void Ray  
  103  13:01  Pylon  
  103  13:02  Pylon  
  103  13:04  Pylon  
  103  13:06  Pylon  
  103  13:26  Void Ray  
  103  13:27  Void Ray x4  
  107  13:28  Void Ray  
  107  13:29  Void Ray  
Show
View Real Time Build Order
Export as new Build Order

XxALEJOxX Terran 

Build Orders:  

Get SALT Encoding   

  12  0:05  SCV  
  13  0:23  Supply Depot  
  13  0:25  Supply Depot  
  13  0:51  Barracks  
  13  0:56  Barracks  
  13  1:41  Marine  
  14  1:51  Refinery  
  14  1:55  Refinery  
  14  1:58  Marine  
  15  2:04  Bunker  
  15  2:10  Orbital Command  
  15  2:21  Marine  
  16  2:39  Marine  
  17  3:12  Factory  
  17  4:05  Barracks  
  17  4:06  Factory Tech Lab  
  17  4:17  Barracks Reactor  
  17  4:19  Barracks Tech Lab  
  17  4:41  Command Center  
  17  4:51  SCV  
  18  5:03  SCV  
  19  5:22  Supply Depot  
  19  5:29  Siege Tank  
  22  5:41  Marine  
  24  5:45  Marine  
  24  5:59  Marine  
  24  6:02  Starport, SCV  
  26  6:15  SCV  
  23  6:27  SCV  
  21  7:21  Reaper  
  22  7:24  Reaper  
  23  7:38  Engineering Bay  
  23  7:53  Reaper  
  23  7:56  Reaper  
  25  8:25  Reaper  
  26  8:28  Reaper  
  27  8:37  SCV  
  28  8:49  SCV  
  29  9:00  Reaper  
  29  9:01  SCV  
  31  9:13  SCV  
  32  9:25  SCV  
  29  10:56  Barracks  
  28  10:58  Marine  
  28  10:59  Marine x3  
  32  11:16  Marine  
  32  11:17  Marine  
  34  11:27  Medivac  
  34  11:32  Barracks Reactor  
  36  11:35  Marine  
  38  11:40  SCV  
  38  11:52  SCV  
  38  11:53  Marine  
  40  11:57  Medivac  
  42  12:04  SCV  
  43  12:14  Marine  
  44  12:16  SCV  
  45  12:23  Barracks  
  45  12:32  Marine  
  46  12:40  Siege Tank  
  49  12:50  Marine  
  50  13:07  Marine  
  50  13:12  Siege Tank  
  54  14:28  Supply Depot  
  11  16:02  Marine  
  7  16:20  Marine, Siege Tank  
Tags
 
Add a new tag
Caveats
  • Supply blocks, unpowered buildings, or Contaminate may cause inaccurate times.
  • Supply counts are checked every 10 seconds.